 Dungeon Crawl Stone Soup version 0.27.0-1-g7a089689b8 (console) character file.

Game seed: 4077885981990060784

3355 om the Prestidigitator (level 9, -2/79 HPs)
             Began as a Minotaur Fighter on Aug 12, 2021.
             Was an Initiate of Ashenzari.
             Shot with an arrow by Maurice (7 damage)
             ... on level 8 of the Dungeon.
             The game lasted 00:14:06 (8841 turns).

om the Prestidigitator (Minotaur Fighter)           Turns: 8841, Time: 00:14:06

Health: -2/79      AC: 11    Str: 23    XL:     9   Next: 73%
Magic:  8/8        EV:  9    Int:  5    God:    Ashenzari [......]
Gold:   320        SH: 10    Dex: 11    Spells: 8/8 levels left

rFire    . . .     SeeInvis .   a - +0 war axe
rCold    . . .     Faith    .   c - +0 kite shield
rNeg     . . .     Spirit   .   q - +1 scale mail {rPois}
rPois    +         Reflect  .   B - +0 hat
rElec    .         Harm     .   k - +0 cloak
rCorr    .         Rampage  .   (no gloves)
Will     .....                  r - +0 pair of boots
Stlth    ..........             (no amulet)
HPRegen  0.23/turn              (no ring)
MPRegen  0.11/turn              (no ring)

@: silenced
A: horns 2, retaliatory headbutt
a: Renounce Religion


You were on level 8 of the Dungeon.
You worshipped Ashenzari.
Ashenzari was noncommittal.
You visited 2 branches of the dungeon, and saw 9 of its levels.

You collected 320 gold pieces.

Inventory:

Hand Weapons
 a - a +0 war axe (weapon)
 n - a +2 dagger of venom
Missiles
 e - a throwing net (quivered)
Armour
 c - a +0 kite shield (worn)
 k - a +0 cloak (worn)
 q - a +1 scale mail of poison resistance (worn)
 r - a +0 pair of boots (worn)
 B - a +0 hat (worn)
Wands
 t - a wand of mindburst (10)
 x - a wand of acid (9)
 C - a wand of polymorph (10)
 G - a wand of flame (7)
Scrolls
 b - a scroll of brand weapon
 f - a scroll of enchant weapon
 g - 6 scrolls of identify
 m - 2 scrolls of immolation
 p - a scroll of torment
 s - 3 scrolls of amnesia
 u - 4 scrolls of teleportation
 v - 2 scrolls of fog
 w - 2 scrolls of magic mapping
 A - a scroll of enchant armour
 D - a scroll of fear
 F - a scroll of summoning
Potions
 d - 2 potions of cancellation
 h - a potion of lignification
 i - a potion of degeneration
 j - a potion of attraction
 l - 3 potions of flight
 o - a potion of magic
 E - a potion of brilliance


   Skills:
 - Level 7.0 Fighting
 - Level 6.0 Axes
 - Level 6.0 Armour
 - Level 4.0 Dodging
 - Level 6.0 Shields
 + Level 9.1 Evocations


You had 8 spell levels left.
You didn't know any spells.
Your spell library was empty.

Dungeon Overview and Level Annotations

Branches:
Dungeon (8/15)             Temple (1/1) D:7
   Lair: D:8-11

Altars:
Ashenzari
Cheibriados
Dithmenos
Elyvilon
Fedhas
Gozag
Hepliaklqana
Kikubaaqudgha
Makhleb
Nemelex Xobeh
Okawaru
Qazlal
Ru
Sif Muna
Trog
Uskayaw
Vehumet
Wu Jian
Xom
Yredelemnul
Zin
The Shining One

Shops:
D:5 (

Annotations:
D:3 1 runed translucent door, Crazy Yiuf
D:4 3 runed translucent doors, ratboy's ghost, amateur PaAr
D:8 Maurice


Innate Abilities, Weirdness & Mutations

You have a pair of horns on your head.
You reflexively headbutt those who attack you in melee.


Message History

Press: ? - help, Shift-Dir - straight line, f - Maurice
Aim: Maurice, wielding a +0 short sword of flaming, wearing a +1 cloak, quivering arrows and carrying a wand of acid (8) (silenced, lightly wounded, covering ground quickly, chance to affect: 89%) Maurice's mind is blasted!!
The orc priest hits you with a +0 short sword.
* * * LOW HITPOINT WARNING * * *
The orc warrior hits you but does no damage.
Maurice hits you with a +0 short sword of flaming.
* * * LOW HITPOINT WARNING * * *
Maurice steals your amulet of magic regeneration!
Maurice puts on an amulet of magic regeneration.
Maurice burns you.
* * * LOW HITPOINT WARNING * * *
You see here a ring of resist corrosion.
Maurice picks up 12 arrows.
Okay, then.
You see here a potion of curing.
You feel better. You block the orc priest's attack.
Aiming: Mindburst
Press: ? - help, Shift-Dir - straight line, f/p - Maurice
Aim: Maurice, wielding a +0 short sword of flaming, wearing a +1 cloak, wearing an amulet of magic regeneration, quivering arrows and carrying a wand of acid (8) (silenced, heavily wounded, covering ground quickly, chance to affect: 89%)
The orc priest's mind is blasted!!
You blow up the orc priest!
You hit the orc warrior. You headbutt the orc warrior.
The orc warrior is moderately wounded.
The orc warrior hits you with a +0 hand axe.
* * * LOW HITPOINT WARNING * * *
Aiming: Mindburst
Press: ? - help, Shift-Dir - straight line, f/p - Maurice
Aim: Maurice, wielding a +0 short sword of flaming, wearing a +1 cloak, wearing an amulet of magic regeneration, quivering arrows and carrying a wand of acid (8) (heavily wounded, covering ground quickly, chance to affect: 89%)
The orc warrior's mind is blasted!!!
You blow up the orc warrior!
Maurice unwields a +0 short sword of flaming.
It stops flaming.
Maurice wields a +0 shortbow.
Maurice shoots an arrow.
The arrow hits you!
* * * LOW HITPOINT WARNING * * *
Your Evocations skill increases to level 9!
Aiming: Mindburst
Press: ? - help, Shift-Dir - straight line, f/p - Maurice
Aim: Maurice, wielding a +0 shortbow, wearing a +1 cloak, wearing an amulet of magic regeneration, quivering arrows and carrying a wand of acid (8) (heavily wounded, covering ground quickly, chance to affect: 89%) Maurice's mind is blasted!
Maurice shoots an arrow.
The arrow hits you!
You die...

....... ..... ..... ....
#..# #..# . #)/#
#...######.)#
#....@)@..#####
#######.......# #.##.##..
##.##.# #..##.#####.#
..#####.###.......# ####.
.((.........# .....
......###..###.##
.....##................#####
## ......
....####..#.#......##..
......####..#
#..##..<.........


You could see Maurice (swift).

Vanquished Creatures
  Pikel (D:5)
  A wyvern (D:6)
  A steam dragon (D:6)
  Duvessa (D:5)
  A water moccasin (D:5)
  An orc warrior (D:8)
  2 ice beasts (D:5)
  A necrophage (D:5)
  4 ogres
  2 centaurs (D:8)
  A phantom (D:7)
  5 bullfrogs
  A wyvern zombie (D:7)
  A scorpion (D:5)
  A water moccasin zombie (D:5)
  A wyvern skeleton (D:6)
  Dowan (D:5)
  3 killer bees
  3 hounds
  2 jellies
  An orc priest (D:8)
  Jessica (D:3)
  2 gnoll shamans
  Ijyb (D:5)
  2 iguanas
  4 orc wizards
  A hound zombie (D:5)
  Robin (D:3)
  6 adders
  16 gnolls
  A white imp (D:5)
  2 ufetubi
  A worm (D:4)
  2 dart slugs (D:4)
  11 orcs
  7 endoplasms
  2 giant cockroaches (D:3)
  14 goblins
  10 hobgoblins
  3 jackals (D:2)
  12 kobolds
  3 quokkas
  16 ball pythons
  8 bats
  A frilled lizard (D:2)
  6 rats
168 creatures vanquished.

Vanquished Creatures (others)
  2 plants (D:6)
2 creatures vanquished.

Grand Total: 170 creatures vanquished

Notes
Turn   | Place    | Note
-------+----------+-------------------------------------------
     0 | D:1      | om the Minotaur Fighter began the quest for the Orb.
     0 | D:1      | Reached XP level 1. HP: 19/19 MP: 0/0
   178 | D:1      | Found a faded altar of an unknown god.
   295 | D:1      | Reached XP level 2. HP: 27/27 MP: 1/1
  1144 | D:2      | Reached XP level 3. HP: 31/33 MP: 2/2
  2069 | D:3      | Noticed Robin
  2077 | D:3      | Killed Robin
  2078 | D:3      | Reached XP level 4. HP: 36/40 MP: 3/3
  2310 | D:3      | Reached skill level 5 in Armour
  2427 | D:3      | Reached skill level 5 in Shields
  2619 | D:3      | Noticed Jessica
  2628 | D:3      | Killed Jessica
  2629 | D:3      | Reached XP level 5. HP: 47/47 MP: 4/4
  2660 | D:3      | Found a runed translucent door.
  2661 | D:3      | Noticed Crazy Yiuf
  3424 | D:4      | Noticed an ogre
  3430 | D:4      | Killed an ogre
  3431 | D:4      | Reached XP level 6. HP: 49/55 MP: 5/5
  3535 | D:4      | Found a runed translucent gate.
  3535 | D:4      | Found a runed translucent gate.
  3535 | D:4      | Found a runed translucent gate.
  3539 | D:4      | Noticed ratboy's ghost (amateur PaAr)
  4156 | D:5      | Entered Level 5 of the Dungeon
  4161 | D:5      | Reached skill level 5 in Fighting
  4269 | D:5      | Noticed an ice beast
  4276 | D:5      | Killed an ice beast
  4418 | D:5      | Reached skill level 1 in Dodging
  4418 | D:5      | Reached skill level 1 in Evocations
  4418 | D:5      | Reached XP level 7. HP: 59/63 MP: 6/6
  4545 | D:5      | Reached skill level 2 in Evocations
  4800 | D:5      | Noticed Ijyb
  4805 | D:5      | Killed Ijyb
  5245 | D:5      | Noticed Pikel
  5248 | D:5      | Killed Pikel
  5249 | D:5      | Reached skill level 3 in Evocations
  5249 | D:5      | Reached XP level 8. HP: 70/70 MP: 7/7
  5250 | D:5      | Found Zeala's Antique Weapon Emporium.
  5260 | D:5      | Reached skill level 4 in Evocations
  5505 | D:5      | Noticed Duvessa
  5506 | D:5      | Noticed Dowan
  5513 | D:5      | Killed Dowan
  5522 | D:5      | Killed Duvessa
  6084 | D:5      | Found an iron altar of Okawaru.
  6086 | D:5      | Found a stormy altar of Qazlal.
  6086 | D:5      | Found a broken altar of Ashenzari.
  6096 | D:5      | Reached skill level 5 in Evocations
  6100 | D:5      | Found a shimmering altar of Xom.
  6100 | D:5      | Found a burning altar of Makhleb.
  6100 | D:5      | Found a stormy altar of Qazlal.
  6516 | D:6      | Reached skill level 6 in Evocations
  6516 | D:6      | Reached XP level 9. HP: 18/79 MP: 8/8
  7322 | D:6      | Reached skill level 7 in Evocations
  7910 | D:7      | Found a staircase to the Ecumenical Temple.
  7965 | D:7      | Reached skill level 8 in Evocations
  7989 | Temple   | Entered the Ecumenical Temple
  8270 | Temple   | Became a worshipper of Ashenzari the Shackled
  8821 | D:8      | Noticed Maurice
  8841 | D:8      | Reached skill level 9 in Evocations
  8841 | D:8      | Shot with an arrow by Maurice

Illustrated notes

Levels and vault maps discovered:
D:1:      erik_arrival_blinker_ship, layout_loops_cross,
          dreamdust_ecumenical_altar_angels_and_demons, minivault_19
D:2:      layout_basic
D:3:      layout_basic, minmay_snake_closets, uniq_crazy_yiuf_cottage,
          uniq_jessica, uniq_robin
D:4:      layout_cave_pods, gammafunk_ghost_split, minmay_surrounded
D:5:      layout_basic, doesnt_xom_only_xom, serial_shops, kennysheep_mini_moat,
          uniq_duvessa, uniq_pikel, uniq_ijyb
D:6:      layout_rooms, corexii_shack
D:7:      layout_cave_pools, minmay_temple_entry_trees
D:8:      layout_rooms, uniq_maurice
Temple:   nicolae_temple_the_god_donut

Skill      XL: |  1  2  3  4  5  6  7  8  9 |
---------------+----------------------------+-----
Armour         | 4 5 6 |  6.0
Shields        | 4 5 6 |  6.0
Fighting       | 4 6 7 |  7.0
Axes           | 3 6 |  6.0
Dodging        | 1 4 |  4.0
Evocations     | 1 3 6 9 |  9.1

Action                   |  1- 3 |  4- 6 |  7- 9 || total
-------------------------+-------+-------+-------++-------
Melee: War axe           |    98 |   143 |   231 ||   472
       Headbutt          |    13 |    14 |    47 ||    74
Evoke: Wand              |       |       |     9 ||     9
  Use: Potion            |       |     1 |     4 ||     5
       Scroll            |       |       |     1 ||     1
Armor: Scale mail        |    40 |    68 |   102 ||   210
       Ring mail         |     6 |    23 |       ||    29
Dodge: Dodged            |    38 |    44 |   116 ||   198
Block: Kite shield       |    61 |    90 |   171 ||   322
